 Dungeon Crawl Stone Soup version 0.19-a0-559-ga3d69d0 (webtiles) character file.

15394 magipi the Cleaver (level 12, 0/102 HPs)
             Began as a Ghoul Gladiator on June 8, 2016.
             Was a High Priest of Uskayaw.
             Killed from afar by Azrael (14 damage)
             ... with a fireball
             ... on level 13 of the Dungeon.
             The game lasted 00:57:45 (10979 turns).

magipi the Cleaver (Ghoul Gladiator)               Turns: 10979, Time: 00:57:45

Health: 0/102      AC: 24    Str: 20    XL:     12   Next: 26%
Magic:  18/18      EV:  7    Int:  5    God:    Uskayaw [*****.]
Gold:   438        SH:  0    Dex: 11    Spells: 0 memorised, 11 levels left

rFire  . . .     SeeInvis .     a - +2 battleaxe
rCold  + + .     Gourm    .     d - +0 plate armour
rNeg   + + +     Faith    .     (shield currently unavailable)
rPois  ∞         Spirit   .     D - +1 helmet
rElec  .         Dismiss  .     s - +2 cloak
rCorr  .         Reflect  .     r - +1 pair of gloves
SustAt .         Harm     .     B - +2 pair of boots
MR     +....                    (no amulet)
Stlth  ..........               m - ring of protection from magic
                                c - ring of protection from cold

@: rotting, somewhat resistant to hostile enchantments, extremely unstealthy
A: rotting body, claws 1, carnivore 3, cold resistance 1, negative energy
resistance 3, slow regeneration 1, torment resistance, unbreathing
a: Stomp, Line Pass, Grand Finale, Renounce Religion


You were on level 13 of the Dungeon.
You worshipped Uskayaw.
Uskayaw was extremely pleased with you.
You were not hungry.

You visited 3 branches of the dungeon, and saw 15 of its levels.
You also visited: Bailey.

You collected 624 gold pieces.
You spent 186 gold pieces at shops.

Notes
Turn   | Place    | Note
--------------------------------------------------------------
     0 | D:1      | magipi the Ghoul Gladiator began the quest for the Orb.
     0 | D:1      | Reached XP level 1. HP: 17/17 MP: 0/0
   312 | D:1      | Reached skill level 3 in Axes
   314 | D:1      | Reached XP level 2. HP: 14/23 MP: 1/1
   645 | D:2      | Reached XP level 3. HP: 25/29 MP: 2/2
   949 | D:2      | Found a shattered altar of Ashenzari.
   950 | D:2      | Found a shadowy altar of Dithmenos.
   966 | D:2      | Found a glowing silver altar of Zin.
   968 | D:2      | Found a sacrificial altar of Ru.
   968 | D:2      | Found a basalt altar of Yredelemnul.
   969 | D:2      | Found an iron altar of Okawaru.
  1052 | D:2      | You fall through a shaft!
  1159 | D:2      | Reached XP level 4. HP: 35/36 MP: 3/3
  1280 | D:3      | Reached skill level 4 in Axes
  1572 | D:3      | Reached XP level 5. HP: 31/41 MP: 4/4
  2176 | D:4      | Reached skill level 5 in Axes
  2201 | D:4      | Noticed Borgoz's ghost (weakling FoAK)
  2254 | D:4      | Found an opulent altar of Gozag.
  2586 | D:4      | Noticed an ogre
  2608 | D:5      | Entered Level 5 of the Dungeon
  2608 | D:5      | Noticed a phantom
  2624 | D:5      | Killed a phantom
  2624 | D:5      | Reached XP level 6. HP: 45/48 MP: 5/5
  2750 | D:5      | Found a staircase to the Ecumenical Temple.
  2753 | D:5      | Reached skill level 6 in Axes
  2767 | Temple   | Entered the Ecumenical Temple
  2776 | Temple   | Became a worshipper of Uskayaw the Reveler
  2817 | D:5      | Reached * piety under Uskayaw
  2829 | D:5      | Noticed Pikel
  2830 | D:5      | Noticed a slave
  2831 | D:5      | Noticed a slave
  2832 | D:5      | Noticed a slave
  2834 | D:4      | Reached ** piety under Uskayaw
  2995 | D:5      | Reached XP level 7. HP: 15/55 MP: 6/6
  3152 | D:5      | Killed Pikel
  3152 | D:5      | Reached skill level 7 in Axes
  3152 | D:5      | Reached XP level 8. HP: 53/61 MP: 6/9
  3152 | D:5      | Reached *** piety under Uskayaw
  3419 | D:6      | Reached skill level 8 in Axes
  3436 | D:6      | Noticed Eustachio
  4089 | D:6      | Found a white marble altar of Elyvilon.
  4105 | D:6      | Reached skill level 9 in Axes
  4197 | D:7      | Reached XP level 9. HP: 57/67 MP: 11/11
  4236 | D:7      | Reached **** piety under Uskayaw
  4539 | D:8      | Noticed a troll
  4568 | D:8      | Reached skill level 5 in Evocations
  4699 | D:8      | Reached skill level 10 in Axes
  4821 | D:8      | Noticed Erica
  4843 | D:8      | Killed Erica
  4879 | D:8      | Killed a troll
  4879 | D:8      | Reached XP level 10. HP: 34/73 MP: 13/13
  4908 | D:8      | Reached skill level 11 in Axes
  5141 | D:8      | HP: 3/73 [something (2)]
  6555 | D:9      | Found a stormy altar of Qazlal.
  6627 | D:9      | Reached skill level 1 in Armour
  6767 | D:9      | Noticed Gastronok
  6911 | D:9      | Found Tuymypsa's General Store.
  6946 | D:9      | Bought a scroll of torment for 82 gold pieces
  6946 | D:9      | Bought a scroll of blinking for 82 gold pieces
  6946 | D:9      | Bought a scroll of noise for 11 gold pieces
  6946 | D:9      | Bought a potion of degeneration for 11 gold pieces
  7178 | D:10     | Entered Level 10 of the Dungeon
  7250 | D:10     | Reached ***** piety under Uskayaw
  7299 | D:10     | Noticed a hill giant
  7314 | D:10     | Killed a hill giant
  7349 | D:10     | Found a sacrificial altar of Ru.
  7416 | D:10     | Found a flagged portal.
  7443 | Bailey   | Entered a bailey
  7690 | D:10     | Reached skill level 5 in Fighting
  7718 | D:10     | Found a staircase to the Orcish Mines.
  7770 | D:10     | Noticed a hill giant
  7783 | D:10     | Killed a hill giant
  7783 | D:10     | Reached XP level 11. HP: 82/88 MP: 15/15
  8199 | D:11     | Noticed Snorg
  8233 | D:11     | Noticed a manticore
  8327 | D:11     | Killed a manticore
  8405 | D:11     | Reached ****** piety under Uskayaw
  8420 | D:11     | Reached skill level 5 in Armour
  8575 | D:11     | Found a staircase to the Lair.
  8868 | D:11     | Noticed a seven-headed hydra
  9156 | D:11     | Noticed a cyclops
  9172 | Lair:1   | Entered Level 1 of the Lair of Beasts
  9433 | D:11     | Noticed a hill giant
  9452 | D:11     | Killed a hill giant
 10014 | D:12     | Reached XP level 12. HP: 88/102 MP: 17/17
 10854 | D:13     | Found Feut Gimmatt's Armour Boutique.
 10977 | D:13     | Noticed Azrael
 10979 | D:13     | Killed from afar by Azrael

Inventory:

Hand Weapons
 a - a +2 battleaxe (weapon)
 b - a +1 war axe
Missiles
 i - 4 javelins (quivered)
 F - 3 tomahawks
 H - 2 throwing nets
 I - a tomahawk of dispersal
Armour
 d - a +0 plate armour (worn)
 r - a +1 pair of gloves (worn)
 s - a +2 cloak (worn)
 B - a +2 pair of boots (worn)
 D - a +1 helmet (worn)
Jewellery
 c - a ring of protection from cold (left hand)
 h - an uncursed ring of resist corrosion
 m - a ring of protection from magic (right hand)
Wands
 k - a wand of lightning (0/15)
 q - a wand of digging (13/24)
 C - a wand of paralysis (0/24)
 G - a wand of slowing (16/48)
 L - a wand of heal wounds (5/9)
 M - a wand of polymorph (3/24)
 O - a wand of acid (9/15)
Scrolls
 e - a scroll of identify
 g - a scroll of blinking
 j - 8 scrolls of amnesia
 n - 8 scrolls of remove curse
 u - 3 scrolls of noise
 v - 2 scrolls of fear
 w - a scroll of enchant weapon
 x - a scroll of fog
 y - a scroll of immolation
 z - 3 scrolls of torment
 A - 2 scrolls of enchant armour
 K - 2 scrolls of teleportation
 N - a scroll of magic mapping
Potions
 l - a potion of cancellation
 t - a potion of curing
 E - 3 potions of flight
Comestibles
 f - 9 meat rations
 o - a chunk of flesh
 p - a slice of pizza


   Skills:
 - Level 8.2 Fighting
 - Level 11.3 Axes
 + Level 4.0 Throwing
 + Level 7.1 Armour
 - Level 2.6 Dodging
 + Level 9.7 Evocations


You had 11 spell levels left.
You didn't know any spells.

Dungeon Overview and Level Annotations

Branches:
Dungeon (13/15)            Temple (1/1) D:5            Lair (1/8) D:11
    Orc (0/2) D:10
 Vaults: D:13-14

Altars:
Ashenzari
Cheibriados
Dithmenos
Elyvilon
Fedhas
Gozag
Hepliaklqana
Kikubaaqudgha
Makhleb
Nemelex Xobeh
Okawaru
Pakellas
Qazlal
Ru
Sif Muna
Trog
Uskayaw
Vehumet
Xom
Yredelemnul
Zin
The Shining One

Shops:
D:9 *   D:13 [

Annotations:
D:4 Borgoz's ghost, weakling FoAK
D:6 Eustachio
D:9 Gastronok
D:11 Snorg
D:13 Azrael


Innate Abilities, Weirdness & Mutations

Your body is rotting away.
You thrive on raw meat.
You are immune to poison.
You have sharp fingernails.
You are carnivorous and can eat meat at any time.
Your flesh is cold resistant. (rC+)
You are immune to negative energy. (rN+++)
You regenerate slowly when monsters are visible.
You are immune to unholy pain and torment.
You can survive without breathing.

Vault maps used:
D:1:      evilmike_arrival_fibonacci_small
D:2:      grunt_temple_overflow_open, hangedman_decor_points
D:3:      minmay_goblin_kobold_castle
D:4:      kennysheep_little_box, st_stairs_8
D:5:      temple_green, first_bread, uniq_pikel
D:6:      elyvilon_altar_4, uniq_eustachio
D:7:      serial_shops, shop, grunt_ogre_cave, kennysheep_generic_room_2
D:8:      lemuel_ice_spiral_2, uniq_erica
D:9:      nicolae_qazlal_eye_of_the_storm, serial_shops, shop, uniq_gastronok
D:10:     orc_0_dummy, basic_altar, enter_bailey_3
D:11:     minmay_lair_entry_grove, kennysheep_diamond, uniq_snorg
D:13:     serial_shops, shop, uniq_azrael, uniq_kirke
Temple:   circular_temple_13
Lair:1:   dragon1_lemuel
Bailey:   bailey_polearm_5, bailey


Message History

The hell hound bites you. The hell hound barely misses you.
Unknown command.
You slash the hell hound!
The hell hound is moderately wounded.
You closely miss the hell hound. The hell hound bites you!
The hell hound bites you but does no damage. x3
Unknown command.
You slash the hell hound!
The hell hound is severely wounded.
Your plate armour prevents you from hitting the hell hound.
The hell hound closely misses you. The hell hound bites you. x2
You can now pass through a line of other dancers.
Unknown command.
You barely miss the hell hound.
The hell hound is severely wounded.
You slash the hell hound!
The hell hound is moderately wounded.
The hell hound barely misses you. The hell hound bites you.
* * * LOW HITPOINT WARNING * * *
The hell hound bites you but does no damage. x2
You hit the hell hound.
The hell hound is severely wounded.
Your plate armour prevents you from hitting the hell hound.
The hell hound is moderately wounded.
The hell hound bites you but does no damage. x3
Unknown command.
You slash the troll!
The troll is lightly wounded.
You hit the hell hound but do no damage.
The hell hound is moderately wounded.
You closely miss the hell hound.
The hell hound is severely wounded.
The hell hound bites you but does no damage.
The hell hound barely misses you.
The hell hound bites you but does no damage.
The troll bites you.
* * * LOW HITPOINT WARNING * * *
The troll claws you.
* * * LOW HITPOINT WARNING * * *
The troll claws you but does no damage.
The hell hound bites you but does no damage.
You slice the hell hound!!
You kill the hell hound!
You hit the hell hound.
The hell hound is almost dead.
You slash the troll!
The troll is heavily wounded.
The hell hound barely misses you. The troll bites you!
* * * LOW HITPOINT WARNING * * *
The troll claws you but does no damage. x2; The hell hound bites you.
* * * LOW HITPOINT WARNING * * *
Uskayaw will force your foes to helplessly watch your dance.
Uskayaw prepares the audience for your solo!
The helpless hell hound fails to defend itself.
You slice the hell hound!!
You kill the hell hound!
The helpless troll fails to defend itself.
You hit the troll.
The troll is heavily wounded.
The troll is no longer paralysed.
The troll bites you but does no damage.
The troll claws you but does no damage. x2
Uskayaw will force your foes to share their pain.
You hit the troll.
The troll is heavily wounded.
The troll bites you but does no damage. The troll claws you but does no damage.
The troll barely misses you.
Unknown command.
You barely miss the troll.
The troll is heavily wounded.
The troll barely misses you. x2; The troll claws you but does no damage.
Unknown command.
You hit the troll.
The troll is severely wounded.
The troll closely misses you.
The troll claws you but does no damage. x2
Unknown command.
You hit the troll.
The troll is severely wounded.
The troll bites you but does no damage. The troll barely misses you.
The troll claws you but does no damage. The troll bites you but does no damage.
The troll claws you but does no damage. x2
Unknown command.
You slash the troll!
The troll is almost dead.
The troll bites you but does no damage. The troll barely misses you. x2
Unknown command.
You hit the troll but do no damage.
The troll is almost dead.
The troll bites you but does no damage. The troll claws you.
* * * LOW HITPOINT WARNING * * *
The troll barely misses you.
You slash the troll!
You kill the troll!
Your Throwing skill increases to level 4!
You can now merge with and destroy a victim.
Azrael the Boundless Flame comes into view.
He is wielding a scimitar of flaming.
You see here a hell hound corpse.
Azrael howls in rage.
Azrael gestures at you.
The fireball explodes!
The fireball engulfs you!
You die...

#...# #.........# #...#
#.........# #...#
#.........#
#...###.........#
..........#...............#
..........#...............#
..........#............%..#
..........#..###..........#
.....)....#..# #@.........#
.......>..#..# #..........#
..........#..# #.†.....E..#
..........#.[# #........§..
..######..#..# #>....R.....
..# #..#..# #......§....
..# #..#..# #.......§...
..# #.....# #........§..
..# #.....# #.....>.....


You could see Azrael and a fire elemental (wandering).

Vanquished Creatures
  Erica (D:8)
  A fire crab (D:13)
  Pikel (D:5)
  3 hill giants
  A manticore (D:11)
  A komodo dragon (D:12)
  4 trolls
  A two-headed ogre (D:11)
  A meliai zombie (D:9)
  22 yaks
  2 hippogriffs
  3 basilisks (D:11)
  A hungry ghost (D:11)
  A water moccasin (Lair:1)
  2 hell hounds (D:13)
  7 orc warriors
  3 porcupines
  3 sky beasts
  5 ice beasts
  3 phantoms
  8 ogres
  3 centaurs
  3 crocodiles
  5 giant frogs
  A wyvern zombie (D:9)
  A water moccasin zombie (D:8)
  4 scorpions
  6 killer bees
  3 howler monkeys
  A giant frog zombie (D:9)
  9 crimson imps
  4 jellies
  14 orc wizards
  2 centaur skeletons
  2 giant frog skeletons
  10 orc priests
  A hound (D:12)
  5 iguanas
  6 worker ants
  2 hound skeletons
  7 gnolls
  12 adders
  3 river rats (D:11)
  3 shadow imps
  2 oozes
  An adder skeleton (D:6)
  2 worms
  3 giant geckos
  54 orcs
  8 giant cockroaches
  13 goblins
  A hobgoblin (D:2)
  10 jackals
  2 quokkas
  8 bats
  5 giant newts
  5 kobolds
  A quokka skeleton (D:7)
  4 rats
300 creatures vanquished.

Vanquished Creatures (others)
  An orc wizard (D:10)
  An orc (D:11)
  A quokka (D:6)
  A giant gecko zombie (D:5)
  2 fungi (D:11)
  4 plants (D:11)
10 creatures vanquished.

Grand Total: 310 creatures vanquished

Action                   |  1- 3 |  4- 6 |  7- 9 | 10-12 || total
-------------------------+-------+-------+-------+-------++-------
Melee: War axe           |   100 |   177 |   259 |   700 ||  1236
       Battleaxe         |       |       |       |    55 ||    55
Throw: Throwing net      |     3 |     4 |     4 |       ||    11
       Tomahawk          |       |       |     7 |       ||     7
       Javelin           |       |       |     3 |    17 ||    20
Evoke: Wand              |       |       |     5 |    18 ||    23
  Use: Scroll            |       |    13 |     1 |    11 ||    25
       Potion            |       |       |       |     8 ||     8
 Stab: Held in net/web   |       |       |     2 |       ||     2
       Paralysed         |       |       |    12 |    60 ||    72
  Eat: Chunk             |    11 |    17 |    26 |    69 ||   123
Armor: Leather armour    |    46 |    18 |       |       ||    64
       Ring mail         |       |    44 |    34 |       ||    78
       Plate armour      |       |       |   147 |   577 ||   724
Dodge: Dodged            |    85 |   114 |    99 |   261 ||   559

Action                   |  1- 3 |  4- 6 |  7- 9 | 10-12 || total
-------------------------+-------+-------+-------+-------++-------
Melee: War axe           |   100 |   177 |   259 |   700 ||  1236
       Battleaxe         |       |       |       |    55 ||    55
Throw: Throwing net      |     3 |     4 |     4 |       ||    11
       Tomahawk          |       |       |     7 |       ||     7
       Javelin           |       |       |     3 |    17 ||    20
Evoke: Wand              |       |       |     5 |    18 ||    23
  Use: Scroll            |       |    13 |     1 |    11 ||    25
       Potion            |       |       |       |     8 ||     8
 Stab: Held in net/web   |       |       |     2 |       ||     2
       Paralysed         |       |       |    12 |    60 ||    72
  Eat: Chunk             |    11 |    17 |    26 |    69 ||   123
Armor: Leather armour    |    46 |    18 |       |       ||    64
       Ring mail         |       |    44 |    34 |       ||    78
       Plate armour      |       |       |   147 |   577 ||   724
Dodge: Dodged            |    85 |   114 |    99 |   261 ||   559
